[Event "Titled Tuesday Blitz February 21 Early 2023"]
[White "Zemlyanskii, Ivan"]
[Black "Tabatabaei, M. Amin"]
[WhiteFideId "24249971"]
[BlackFideId "12521213"]
[WhiteElo "2300"]
[BlackElo "2677"]
[Result "1-0"]
[Round "04"]
[TimeControl "180+2"]
[Date "2023.02.21"]
[WhiteClock "0:00:10"]
[BlackClock "0:00:08"]

1. d4 e6 2. c4 b6 3. e4 Bb7 4. Bd3 Nc6 5. Ne2 g6 6. Nbc3 Bg7 7. Be3 Nge7 8. O-O O-O 9. d5 Ne5 10. h3 f5 11. Bd4 Nxd3 12. Qxd3 e5 13. Be3 f4 14. Bd2 f3 15. gxf3 d6 16. f4 Qd7 17. fxe5 dxe5 18. f4 exf4 19. Nxf4 Rf6 20. Qg3 Raf8 21. Qg2 Qd6 22. Ne6 Rxf1+ 23. Rxf1 Rxf1+ 24. Qxf1 Bc8 25. Nxg7 Kxg7 26. Bf4 Qf6 27. Bh6+ Kf7 28. Qxf6+ Kxf6 29. Bf4 c6 30. Kg2 cxd5 31. cxd5 g5 32. Bd6 Ng6 33. Nb5 a6 34. Na7 Bd7 35. Nc6 h5 36. e5+ Kf5 37. Nd4+ Ke4 38. e6 Be8 39. Nf3 Kxd5 40. Bc7 g4 41. hxg4 hxg4 42. Ng5 b5 43. Kg3 Nf8 44. e7 Ng6 45. Bd8 Bd7 46. Nh7 Bc6 47. Nf6+ Kd4 48. e8=Q Bxe8 49. Nxe8 Kd3 50. Bf6 Kc2 51. Nc7 b4 52. Nxa6 b3 53. Nb4+ Kd2 54. axb3 Nf8 55. Nd5 Kd3 56. b4 Kc4 57. Ne3+ Kb5 58. Bc3 Nd7 59. Kxg4 Nb6 60. Kf4 Ka4 61. Ke4 Kb3 62. Kd4 Na4 63. Kd5 Nb6+ 64. Kc6 Na4 65. b5 Ka2 66. b6 1-0


[Site "https://www.chess.com"]

[Event "Titled Tuesday Blitz February 21 Early 2023"]
[White "Kukhmazov, Arsen"]
[Black "Makarian, Rudik"]
[WhiteFideId "24108260"]
[BlackFideId "44105681"]
[WhiteElo "2512"]
[BlackElo "2545"]
[Result "0-1"]
[Round "04"]
[TimeControl "180+2"]
[Date "2023.02.21"]
[WhiteClock "0:00:08"]
[BlackClock "0:00:09"]

1. d4 Nf6 2. c4 d6 3. Nc3 Nbd7 4. g3 e5 5. Nf3 Be7 6. Bg2 O-O 7. O-O c6 8. e4 a6 9. a4 a5 10. h3 Re8 11. Be3 Bf8 12. Qc2 Qc7 13. Rfd1 exd4 14. Nxd4 Nc5 15. Re1 g6 16. Rad1 Bg7 17. Ndb5 cxb5 18. Nxb5 Qe7 19. Nxd6 Nfd7 20. Nxe8 Qxe8 21. f4 Na6 22. e5 Ndc5 23. Qf2 Bf8 24. Rd5 Qe7 25. Red1 Be6 26. Rd6 Qc7 27. g4 Bxc4 28. Rc1 Nb3 29. Rc3 Bxd6 30. exd6 Qxd6 31. Rxc4 Re8 32. Re4 Rxe4 33. Bxe4 Nac5 34. Bf3 b6 35. f5 Qe5 36. fxg6 hxg6 37. h4 Nd3 38. Qe2 Nf4 39. Bxf4 Qxf4 40. h5 Nd4 41. Qe8+ Kg7 42. Bg2 Qxg4 43. h6+ Kxh6 44. Qxf7 Ne2+ 45. Kf2 Nf4 46. Qf8+ Kg5 47. Qe7+ Kh6 48. Qf8+ Kh5 49. Qh8+ Kg5 50. Qd8+ Kf5 51. Qd7+ Ne6 52. Qd5+ Kf6 53. b3 Qd4+ 54. Kg3 Qxd5 55. Bxd5 Ke5 56. Bc4 Nc5 57. Kg4 Kd4 58. Bf7 Kc3 59. Bxg6 Kxb3 60. Be8 Nxa4 61. Kf3 Nc3 62. Ke3 b5 0-1


[Site "https://www.chess.com"]

[Event "Titled Tuesday Blitz February 21 Early 2023"]
[White "Terry, Renato"]
[Black "Kislinsky, Alexey"]
[WhiteFideId "3803457"]
[BlackFideId "14108801"]
[WhiteElo "2520"]
[BlackElo "2357"]
[Result "0-1"]
[Round "04"]
[TimeControl "180+2"]
[Date "2023.02.21"]
[WhiteClock "0:01:33"]
[BlackClock "0:00:36"]

1. e4 c5 2. Nf3 Nc6 3. Bb5 Nf6 4. Qe2 d6 5. e5 dxe5 6. Nxe5 Bd7 7. Bxc6 Bxc6 8. Nxc6 bxc6 9. O-O e6 10. Na3 Be7 11. Nc4 O-O 12. d3 Nd5 13. Bd2 Bf6 14. Rab1 Re8 15. Rfe1 e5 16. Qf3 Qd7 17. Re2 Re6 18. Rbe1 Rae8 19. g3 Nb4 20. Be3 e4 21. dxe4 Rxe4 22. Nd2 R4e6 23. Nb3 Qd5 0-1


[Site "https://www.chess.com"]

[Event "Titled Tuesday Blitz February 21 Early 2023"]
[White "Vokhidov, Shamsiddin"]
[Black "Real_OceanStorm"]
[WhiteFideId "14204223"]
[WhiteElo "2586"]
[BlackElo "2781"]
[Result "1-0"]
[Round "04"]
[TimeControl "180+2"]
[Date "2023.02.21"]
[WhiteClock "0:01:12"]
[BlackClock "0:00:11"]

1. e4 e5 2. Nf3 Nc6 3. Nc3 Nf6 4. a3 d5 5. Bb5 d4 6. Ne2 Bd6 7. Bxc6+ bxc6 8. d3 O-O 9. O-O h6 10. Nexd4 exd4 11. e5 c5 12. exd6 cxd6 13. b4 Re8 14. bxc5 dxc5 15. Rb1 Bd7 16. Re1 Nd5 17. Bd2 Qc7 18. h3 Bc6 19. Rxe8+ Rxe8 20. Qf1 Ne7 21. Nh2 Nc8 22. Re1 Nd6 23. Ng4 Rxe1 24. Qxe1 Nb5 25. a4 Nd6 26. Qe5 Ne8 27. Qxc5 Bxa4 28. Qxd4 Qxc2 29. Bc3 f6 30. Ne3 Qb1+ 31. Kh2 Qb8+ 32. g3 Bb3 33. Qd7 Nd6 34. Ng4 h5 35. Bxf6 1-0


[Site "https://www.chess.com"]

[Event "Titled Tuesday Blitz February 21 Early 2023"]
[White "Horvath, Dominik"]
[Black "Mitrabha, Guha"]
[WhiteFideId "1642561"]
[BlackFideId "5057000"]
[WhiteElo "2523"]
[BlackElo "2507"]
[Result "0-1"]
[Round "04"]
[TimeControl "180+2"]
[Date "2023.02.21"]
[WhiteClock "0:00:05"]
[BlackClock "0:00:32"]

1. e4 c6 2. Nf3 d5 3. exd5 cxd5 4. d4 Nc6 5. c3 Bg4 6. h3 Bh5 7. Qb3 Qd7 8. Ne5 Nxe5 9. dxe5 a6 10. c4 Rc8 11. Nc3 d4 12. Nd5 Qc6 13. g4 Bg6 14. Bg2 Qxc4 15. Qxb7 e6 16. Bd2 exd5 17. Rc1 Bc2 18. Bxd5 Qc7 19. Qxc7 Rxc7 20. O-O d3 21. Be4 Bc5 22. Rfe1 Ne7 23. Ba5 Rd7 24. Bd2 O-O 25. Kg2 Bd4 26. b3 Bb2 0-1


[Site "https://www.chess.com"]

[Event "Titled Tuesday Blitz February 21 Early 2023"]
[White "Golubka, Petro"]
[Black "Chigaev, Maksim"]
[WhiteFideId "14114224"]
[BlackFideId "4108116"]
[WhiteElo "2371"]
[BlackElo "2628"]
[Result "1-0"]
[Round "04"]
[TimeControl "180+2"]
[Date "2023.02.21"]
[WhiteClock "0:00:15"]
[BlackClock "0:00:10"]

1. e4 c5 2. b4 cxb4 3. a3 d5 4. e5 Nc6 5. d4 Bf5 6. Nf3 e6 7. Bd3 Bg6 8. O-O a6 9. axb4 Nxb4 10. Bxg6 hxg6 11. Ba3 Nc6 12. Bxf8 Kxf8 13. Nbd2 Nge7 14. Nb3 a5 15. c3 b6 16. Qd3 Rc8 17. Rfb1 Kg8 18. h4 Nf5 19. g3 Qc7 20. Nc1 f6 21. Ne2 fxe5 22. dxe5 Nxe5 23. Nxe5 Qxe5 24. Rxb6 Kh7 25. Rxa5 Rb8 26. Raa6 Rxb6 27. Rxb6 Ra8 28. Ra6 Rb8 29. Ra1 Nd6 30. Nf4 Ne4 31. Re1 Rb3 32. Qd4 Qf5 33. f3 Rxc3 34. fxe4 Rxg3+ 35. Ng2 Qg4 36. Qf2 dxe4 37. Re3 Rf3 38. Qe2 Qf5 39. Rxe4 Rb3 40. Kh2 Qh3+ 41. Kg1 Rb1+ 42. Kf2 Qh2 43. Rxe6 Qg1+ 44. Kf3 Rf1+ 45. Kg3 Rf6 46. Rxf6 gxf6 47. Qe7+ Kh6 48. Qxf6 Qc5 49. Qf4+ Kh7 50. Ne3 Qc1 51. Ng2 Qc3+ 52. Qf3 Qe5+ 53. Kh3 Qe6+ 54. Qg4 Qb3+ 55. Kh2 Qb8+ 56. Qf4 Qd8 57. Ne1 Kg7 58. Nf3 Qe7 59. Qe5+ Qxe5+ 60. Nxe5 Kf6 61. Nf3 Kf5 62. Kg3 Kf6 63. Kg4 Kg7 64. Kg5 Kh7 65. Nh2 Kg7 66. Ng4 Kh7 67. Ne5 Kg7 68. Nxg6 Kh7 69. Nf4 Kg7 70. h5 1-0


[Site "https://www.chess.com"]

[Event "Titled Tuesday Blitz February 21 Early 2023"]
[White "Leiva, Gianmarco"]
[Black "Ter-Sahakyan, Samvel"]
[WhiteFideId "3804399"]
[BlackFideId "13302531"]
[WhiteElo "2392"]
[BlackElo "2617"]
[Result "1-0"]
[Round "04"]
[TimeControl "180+2"]
[Date "2023.02.21"]
[WhiteClock "0:00:26"]
[BlackClock "0:00:03"]

1. d4 Nf6 2. Nf3 g6 3. Bg5 Bg7 4. Nbd2 O-O 5. c3 d6 6. e4 Nc6 7. Bb5 a6 8. Ba4 Bd7 9. O-O h6 10. Bh4 b5 11. Bb3 e5 12. Re1 exd4 13. Nxd4 Ne5 14. Nf1 c5 15. Bxf6 Qxf6 16. Ne2 c4 17. Bc2 Ng4 18. f3 Ne5 19. Qd2 Rad8 20. a4 h5 21. axb5 axb5 22. Nf4 Qg5 23. Qe3 Bh6 24. Nd5 Qxe3+ 25. Nfxe3 Be6 26. Ra6 Ra8 27. Rea1 Rxa6 28. Rxa6 Nd3 29. Bxd3 cxd3 30. Kf2 d2 31. Rxd6 Ra8 32. Nb4 Bf4 33. Rxd2 Bxh2 34. g3 h4 35. Nf1 hxg3+ 36. Nxg3 Ra1 37. Kg2 Bg1 38. Nc2 Rb1 39. Na3 Rc1 40. Ne2 Re1 41. Nxg1 1-0


[Site "https://www.chess.com"]

[Event "Titled Tuesday Blitz February 21 Early 2023"]
[White "Ibarra Jerez, Jose Carlos"]
[Black "Dehtiarov, Roman"]
[WhiteFideId "2226332"]
[BlackFideId "14186640"]
[WhiteElo "2563"]
[BlackElo "2289"]
[Result "1-0"]
[Round "04"]
[TimeControl "180+2"]
[Date "2023.02.21"]
[WhiteClock "0:01:12"]
[BlackClock "0:00:05"]

1. e4 e5 2. Nf3 Nc6 3. Nc3 Nf6 4. h3 Bc5 5. Nxe5 Nxe5 6. d4 Qe7 7. dxc5 Qxc5 8. Be3 Qe7 9. f4 Ng6 10. Qf3 d6 11. O-O-O O-O 12. Bd3 Re8 13. g4 c6 14. g5 Nd7 15. h4 d5 16. h5 Ngf8 17. Qg2 Nc5 18. Bxc5 Qxc5 19. exd5 cxd5 20. Nxd5 Be6 21. Nf6+ Kh8 22. Nxe8 Bd5 23. Qg1 Qc6 24. Bb5 Qxb5 25. Nc7 Qc4 26. Nxa8 Qxa2 27. Qc5 1-0


[Site "https://www.chess.com"]

[Event "Titled Tuesday Blitz February 21 Early 2023"]
[White "Fiorito, Joaquin"]
[Black "Livaic, Leon"]
[WhiteFideId "180173"]
[BlackFideId "14531534"]
[WhiteElo "2405"]
[BlackElo "2579"]
[Result "0-1"]
[Round "04"]
[TimeControl "180+2"]
[Date "2023.02.21"]
[WhiteClock "0:00:01"]
[BlackClock "0:00:28"]

1. d4 f5 2. Nc3 Nf6 3. Bg5 d5 4. e3 e6 5. Nf3 Nbd7 6. Bd3 c6 7. O-O Bd6 8. Ne2 Qe7 9. c4 h6 10. Bf4 g5 11. Bxd6 Qxd6 12. Rb1 Ne4 13. b4 O-O 14. b5 c5 15. cxd5 exd5 16. dxc5 Ndxc5 17. Bc2 Be6 18. Nfd4 Qe5 19. f3 Nd6 20. Nxe6 Nxe6 21. Bb3 Nc4 22. Bxc4 Qxe3+ 23. Kh1 dxc4 24. Qc2 Rac8 25. Ng3 Nd4 26. Qa4 c3 27. Rbe1 Qf4 28. Nh5 Qd6 29. Rd1 Rfd8 30. Ng3 c2 31. Rc1 Qc5 32. Rfe1 Re8 33. Rf1 Nxb5 34. Qb3+ Qc4 35. Nxf5 Qxb3 36. axb3 Kh7 37. Ng3 Nd4 38. Rf2 Nxb3 0-1


[Site "https://www.chess.com"]

[Event "Titled Tuesday Blitz February 21 Early 2023"]
[White "Predke, Alexandr"]
[Black "Maltsevskaya, Aleksandra"]
[WhiteFideId "24107581"]
[BlackFideId "24174041"]
[WhiteElo "2685"]
[BlackElo "2390"]
[Result "1-0"]
[Round "04"]
[TimeControl "180+2"]
[Date "2023.02.21"]
[WhiteClock "0:00:06"]
[BlackClock "0:00:02"]

1. e4 c5 2. Nf3 e6 3. g3 Nc6 4. Bg2 d5 5. exd5 exd5 6. O-O Bd6 7. d4 Nge7 8. dxc5 Bxc5 9. Nbd2 Bg4 10. h3 Bh5 11. Nb3 Bb6 12. Re1 O-O 13. Be3 Re8 14. c3 Bg6 15. Qd2 Be4 16. Bxb6 Qxb6 17. Nbd4 Rad8 18. Re2 Nxd4 19. Nxd4 Bxg2 20. Kxg2 Nc6 21. Rxe8+ Rxe8 22. Nf3 Rd8 23. Rd1 h6 24. Qe2 d4 25. cxd4 Nxd4 26. Qe3 Ne6 27. Qxb6 axb6 28. Rxd8+ Nxd8 29. Ne5 f6 30. Nc4 b5 31. Nd6 b4 32. Kf3 Kf8 33. Ke4 Ke7 34. Kd5 g6 35. h4 h5 36. f3 Kd7 37. g4 Ne6 38. Nxb7 Nf4+ 39. Ke4 Ng2 40. gxh5 gxh5 41. Nc5+ Ke7 42. Nd3 Nxh4 43. Nxb4 Ng6 44. Nd5+ Kd6 45. Nf4 Ne5 46. Nxh5 Nc4 47. b3 Nd2+ 48. Ke3 Nb1 49. Nxf6 Ke5 50. Ne4 Na3 51. f4+ Kf5 52. Nd6+ Ke6 53. Nc4 Nc2+ 54. Ke4 Nb4 55. a4 Na2 56. Kd4 Nc1 57. b4 Ne2+ 58. Kc5 Nxf4 59. Kc6 Nd3 60. b5 Nb4+ 61. Kc7 Nd5+ 62. Kc6 Nb4+ 63. Kc5 Nd3+ 64. Kd4 Nb4 65. a5 Kd7 66. Kc5 Nd3+ 67. Kb6 1-0


[Site "https://www.chess.com"]

[Event "Titled Tuesday Blitz February 21 Early 2023"]
[White "Di Nicolantonio, Lucas"]
[Black "Gokerkan, Cem Kaan"]
[WhiteFideId "680460"]
[BlackFideId "6336760"]
[WhiteElo "2376"]
[BlackElo "2500"]
[Result "0-1"]
[Round "04"]
[TimeControl "180+2"]
[Date "2023.02.21"]
[WhiteClock "0:00:06"]
[BlackClock "0:01:31"]

1. Nf3 g6 2. e4 Bg7 3. d4 d6 4. Be3 a6 5. c4 Nf6 6. Nc3 O-O 7. h3 c5 8. Be2 cxd4 9. Nxd4 b6 10. O-O Bb7 11. Bf3 Nbd7 12. Rc1 Rc8 13. Nd5 e6 14. Nxf6+ Nxf6 15. e5 Bxf3 16. Nxf3 dxe5 17. Qxd8 Rcxd8 18. Bxb6 Rb8 19. Bc5 Rfc8 20. b4 Ne4 21. Be7 Rb7 22. Rfe1 f5 23. Bc5 Nxc5 24. bxc5 Rxc5 25. Ng5 Bf6 26. Nxe6 Rc6 0-1


[Site "https://www.chess.com"]

[Event "Titled Tuesday Blitz February 21 Early 2023"]
[White "Paravyan, David"]
[Black "Milikow, Yoav"]
[WhiteFideId "4194985"]
[BlackFideId "2822237"]
[WhiteElo "2601"]
[BlackElo "2394"]
[Result "0-1"]
[Round "04"]
[TimeControl "180+2"]
[Date "2023.02.21"]
[WhiteClock "0:00:03"]
[BlackClock "0:00:13"]

1. e4 e5 2. Nf3 Nf6 3. Nxe5 d6 4. Nf3 Nxe4 5. d4 d5 6. Bd3 Bd6 7. O-O O-O 8. c4 c6 9. Nc3 Nxc3 10. bxc3 dxc4 11. Bxc4 Bf5 12. Bg5 Qa5 13. Nh4 Be6 14. Bxe6 Qxg5 15. Nf3 Qf6 16. Bb3 Nd7 17. g3 Rfe8 18. Kg2 g6 19. h4 h6 20. Qd2 Kg7 21. Rae1 b5 22. Re3 Rxe3 23. fxe3 Qe7 24. h5 Nf6 25. hxg6 Ne4 26. Qd3 Nxg3 27. Re1 fxg6 28. Bc2 Nf5 29. e4 Nh4+ 30. Nxh4 Qxh4 31. e5 Qg5+ 32. Kh2 Bc7 33. Rg1 Qh4+ 34. Kg2 Qg4+ 35. Kh2 Qh5+ 36. Qh3 Qxh3+ 37. Kxh3 g5 38. Be4 Rd8 39. Bxc6 b4 40. e6 Kf6 41. d5 bxc3 42. Rf1+ Bf4 43. Rf2 Ke7 44. Kg4 Rf8 45. Ba4 Rb8 46. Bb3 Rb4 47. Kh5 a5 48. Kg6 a4 49. Bc2 Rb2 50. a3 Ra2 51. Kf5 Rxa3 52. Bd3 Rb3 53. Ra2 a3 54. Bc4 Rb4 55. Bd3 Bd6 56. Kg6 Rb2 57. Ra1 c2 58. Rf1 Bf4 59. Bxc2 Rxc2 60. Rb1 Rb2 61. Rd1 a2 62. Rc1 Bxc1 0-1


[Site "https://www.chess.com"]

[Event "Titled Tuesday Blitz February 21 Early 2023"]
[White "Basso, Pier Luigi"]
[Black "Martinez Alcantara, Jose Eduardo"]
[WhiteFideId "866970"]
[BlackFideId "3805662"]
[WhiteElo "2506"]
[BlackElo "2619"]
[Result "1/2-1/2"]
[Round "04"]
[TimeControl "180+2"]
[Date "2023.02.21"]
[WhiteClock "0:02:16"]
[BlackClock "0:01:24"]

1. d4 Nf6 2. c4 e6 3. Nf3 Bb4+ 4. Bd2 Qe7 5. g3 Bxd2+ 6. Qxd2 Nc6 7. e3 d6 8. Bg2 e5 9. O-O O-O 10. Nc3 exd4 11. Nxd4 Ne5 12. b3 c6 13. h3 Re8 14. Rad1 Ng6 15. Qc2 Be6 16. Rd2 Rad8 17. Rfd1 Qc7 18. Nxe6 fxe6 19. Ne4 Nxe4 20. Bxe4 Nf8 21. Bg2 Qe7 22. e4 e5 23. c5 dxc5 24. Rxd8 Rxd8 25. Rxd8 Qxd8 26. Qxc5 Qd1+ 27. Kh2 Qd4 28. Qxd4 exd4 29. f4 Kf7 30. Kg1 Ke6 31. Kf2 Kd6 32. Ke2 a5 33. Kd3 Kc5 1/2-1/2


[Site "https://www.chess.com"]

[Event "Titled Tuesday Blitz February 21 Early 2023"]
[White "Hakobyan, Aram"]
[Black "Talibov, Shiroghlan"]
[WhiteFideId "13306677"]
[BlackFideId "13429078"]
[WhiteElo "2608"]
[BlackElo "2359"]
[Result "1/2-1/2"]
[Round "04"]
[TimeControl "180+2"]
[Date "2023.02.21"]
[WhiteClock "0:00:14"]
[BlackClock "0:00:10"]

1. d4 Nf6 2. Nf3 e6 3. c4 d5 4. Nc3 Bb4 5. Bg5 h6 6. Bxf6 Qxf6 7. e3 O-O 8. Rc1 c5 9. dxc5 Rd8 10. cxd5 Rxd5 11. Qa4 Nc6 12. a3 Bxc3+ 13. Rxc3 Bd7 14. Qc2 Ne5 15. Be2 Bc6 16. Nd4 Qg5 17. Nxc6 Qxg2 18. Ne7+ Kf8 19. Rf1 Kxe7 20. f4 Nd7 21. b4 Rc8 22. Bf3 Qxc2 23. Rxc2 Rd3 24. Ke2 Rxa3 25. Bxb7 Rc7 26. Be4 a5 27. bxa5 Rxc5 28. Rfc1 Raxa5 29. Bc6 Rxc2+ 30. Rxc2 Rc5 31. Rxc5 Nxc5 32. Kf3 Kd6 33. Be8 f6 34. h4 e5 35. Bg6 Ke6 36. Bh7 f5 37. Bg8+ Kf6 38. Bc4 Ne4 39. Bd5 Nd6 40. Bc6 Nc4 41. Bd5 Nd6 42. Bc6 e4+ 43. Kf2 g5 44. hxg5+ hxg5 45. fxg5+ Kxg5 46. Bd5 Kg4 47. Be6 Ne8 48. Bc4 Nf6 49. Be2+ Kg5 50. Bc4 Ng4+ 51. Ke2 Ne5 52. Be6 Kf6 53. Bc8 Nd3 54. Ba6 Nc5 55. Bc8 Ke5 56. Kf2 Ne6 57. Ke2 Nc5 58. Kf2 Ne6 59. Ke2 Ng7 60. Kf2 Ne8 61. Bd7 Nd6 62. Ke2 Kf6 63. Kf2 Kg5 64. Be6 Kg4 65. Bd7 Nc4 66. Ke2 Ne5 67. Bc8 Ng6 68. Kf2 Ne7 69. Bd7 Kg5 70. Be6 Kf6 71. Bd7 Kg5 72. Be6 Kf6 73. Bd7 Kg5 1/2-1/2


[Site "https://www.chess.com"]

[Event "Titled Tuesday Blitz February 21 Early 2023"]
[White "UnknownMagician"]
[Black "Korobov, Anton"]
[BlackFideId "14105730"]
[WhiteElo "2686"]
[BlackElo "2664"]
[Result "0-1"]
[Round "04"]
[TimeControl "180+2"]
[Date "2023.02.21"]
[WhiteClock "0:01:42"]
[BlackClock "0:02:07"]

1. c4 Nf6 2. Nc3 g6 3. d4 Bg7 4. e4 d6 5. Be2 O-O 6. Be3 Nbd7 7. g4 a6 8. g5 Ne8 9. h4 b5 10. cxb5 axb5 11. Bxb5 Bb7 12. h5 c5 13. Nge2 Nc7 14. Bd3 Ne6 15. d5 Nd4 16. Ng3 Ne5 17. Be2 Nxe2 18. Qxe2 Ba6 19. Qc2 Nd3+ 20. Kd2 Qa5 21. a3 Nxb2 0-1


[Site "https://www.chess.com"]

[Event "Titled Tuesday Blitz February 21 Early 2023"]
[White "Svane, Rasmus"]
[Black "Papasimakopoulos, Alexandros"]
[WhiteFideId "4657101"]
[BlackFideId "4244125"]
[WhiteElo "2623"]
[BlackElo "2401"]
[Result "1-0"]
[Round "04"]
[TimeControl "180+2"]
[Date "2023.02.21"]
[WhiteClock "0:00:51"]
[BlackClock "0:00:10"]

1. Nf3 d5 2. g3 Nf6 3. Bg2 Bf5 4. O-O e6 5. c4 c6 6. Qb3 Qb6 7. d3 Nbd7 8. cxd5 exd5 9. Qc2 Be7 10. Nc3 O-O 11. e4 dxe4 12. dxe4 Bg6 13. Nh4 Rad8 14. h3 Nc5 15. Be3 Qa6 16. f4 Qd3 17. Qxd3 Rxd3 18. Nxg6 hxg6 19. Rfe1 Ne6 20. e5 Rxe3 21. Rxe3 Bc5 22. Re1 Nd7 23. Ne4 Bxe3+ 24. Rxe3 Ndc5 25. Nd6 a5 26. b3 Rb8 27. a3 Nd4 28. b4 axb4 29. axb4 Nce6 30. Be4 b6 31. Ra3 c5 32. b5 Nc7 33. Bd3 g5 34. Bc4 gxf4 35. gxf4 Nce6 36. Ra7 Rf8 37. f5 Ng5 38. Kg2 Ndf3 39. e6 fxe6 40. fxe6 Ne5 41. e7+ Nxc4 42. exf8=Q+ Kxf8 43. Nxc4 1-0


[Site "https://www.chess.com"]

[Event "Titled Tuesday Blitz February 21 Early 2023"]
[White "Malek, Jan"]
[Black "Bortnyk, Mykola"]
[WhiteFideId "21864080"]
[BlackFideId "14120836"]
[WhiteElo "2370"]
[BlackElo "2425"]
[Result "1-0"]
[Round "04"]
[TimeControl "180+2"]
[Date "2023.02.21"]
[WhiteClock "0:00:15"]
[BlackClock "0:00:09"]

1. c4 e5 2. Nc3 Nf6 3. Nf3 e4 4. Ng5 c6 5. Ngxe4 Nxe4 6. Nxe4 d5 7. cxd5 cxd5 8. Ng3 h5 9. e3 h4 10. Ne2 Nc6 11. d4 Bf5 12. a3 Bd6 13. Nc3 Bc7 14. Bd3 Qd7 15. h3 Be6 16. b4 g5 17. Na4 b6 18. Qc2 Bd6 19. Bb5 Rc8 20. Ba6 Rc7 21. Nc3 Ke7 22. Qb3 Nb8 23. Be2 a6 24. Bd2 Qc6 25. Bf3 Rhc8 26. Bxd5 Qd7 27. Bxe6 fxe6 28. Ne4 Qb5 29. a4 Qf5 30. Nxd6 Kxd6 31. f3 Ke7 32. e4 Qf6 33. Qe3 Rg8 34. O-O Nd7 35. Rac1 Kd8 36. Rxc7 Kxc7 37. Rc1+ Kb8 38. Qc3 Qd8 39. Qc6 Rg6 40. Qd6+ Ka8 41. Rc7 e5 42. Qd5+ 1-0


[Site "https://www.chess.com"]

[Event "Titled Tuesday Blitz February 21 Early 2023"]
[White "Starozhilov, Leonid"]
[Black "Kovalenko, Igor"]
[WhiteFideId "14106752"]
[BlackFideId "14117908"]
[WhiteElo "2313"]
[BlackElo "2674"]
[Result "0-1"]
[Round "04"]
[TimeControl "180+2"]
[Date "2023.02.21"]
[WhiteClock "0:00:13"]
[BlackClock "0:01:23"]

1. e4 c5 2. Nf3 d6 3. Bb5+ Nd7 4. O-O g6 5. c3 a6 6. Bxd7+ Bxd7 7. d4 Rc8 8. Be3 cxd4 9. Qxd4 Nf6 10. e5 dxe5 11. Nxe5 Bb5 12. Rd1 Qxd4 13. Bxd4 Bg7 14. a4 Bc6 15. Ng4 Nxg4 16. Bxg7 Rg8 17. Bd4 f6 18. Nd2 Kf7 19. f3 Nh6 20. Bb6 Nf5 21. Nb3 h5 22. Nd4 Nxd4 23. Rxd4 g5 24. Rad1 e5 25. Rc4 Ke6 26. a5 Rg7 27. Kf2 f5 28. b4 Re8 29. Rc5 f4 30. Rxe5+ Kxe5 31. Bd4+ Kf5 32. Bxg7 g4 33. Bd4 h4 34. fxg4+ Kxg4 35. h3+ Kf5 36. Rd2 Rg8 37. Kf1 Rg3 38. Rf2 f3 39. gxf3 Rxh3 40. Ke2 Rh1 41. Rf1 Bb5+ 0-1


[Site "https://www.chess.com"]

[Event "Titled Tuesday Blitz February 21 Early 2023"]
[White "Vaibhav Jayant Raut"]
[Black "Indjic, Aleksandar"]
[WhiteFideId "5089034"]
[BlackFideId "911925"]
[WhiteElo "2237"]
[BlackElo "2618"]
[Result "0-1"]
[Round "04"]
[TimeControl "180+2"]
[Date "2023.02.21"]
[WhiteClock "0:01:24"]
[BlackClock "0:01:25"]

1. d4 Nf6 2. Nf3 e6 3. Bf4 c5 4. e3 cxd4 5. exd4 b6 6. Nbd2 Ba6 7. Bxa6 Nxa6 8. c3 Nc7 9. O-O Be7 10. a4 d6 11. Re1 O-O 12. Bg3 Qd7 13. Ng5 Rab8 14. Nge4 Nxe4 15. Nxe4 f5 16. Nd2 f4 17. Qe2 fxg3 18. hxg3 a6 19. Ne4 b5 20. axb5 axb5 21. Ra7 Ra8 22. Rea1 Rxa7 23. Rxa7 Ra8 24. Rxa8+ Nxa8 25. Qh5 Nc7 26. Qf3 Nd5 27. Qe2 h6 28. Qh5 Nf6 29. Nxf6+ Bxf6 30. Qg6 d5 31. Qg4 Qe8 32. Qe2 h5 33. Qd3 g6 34. Kh2 Kf7 35. Qb1 b4 36. Qa2 bxc3 37. bxc3 Qd7 38. Qa8 Qc7 39. Qa3 h4 40. Kh3 hxg3 41. fxg3 Kg7 42. g4 Bh4 43. c4 dxc4 44. d5 exd5 45. Qc3+ Bf6 46. Qa5 Qxa5 0-1


[Site "https://www.chess.com"]

[Event "Titled Tuesday Blitz February 21 Early 2023"]
[White "Sadubayev, Airat"]
[Black "Anton Guijarro, David"]
[WhiteFideId "13713264"]
[BlackFideId "2285525"]
[WhiteElo "2320"]
[BlackElo "2690"]
[Result "0-1"]
[Round "04"]
[TimeControl "180+2"]
[Date "2023.02.21"]
[WhiteClock "0:00:07"]
[BlackClock "0:00:13"]

1. d4 Nf6 2. c4 e6 3. Nf3 d5 4. g3 Bb4+ 5. Bd2 Be7 6. Bg2 O-O 7. O-O Nbd7 8. Qc2 c6 9. Rd1 a5 10. Bf4 h6 11. b3 b6 12. Nc3 Ba6 13. Ne5 Rc8 14. Rac1 Nxe5 15. Bxe5 Ba3 16. Rb1 Qe7 17. e4 Rfd8 18. Na4 Nd7 19. Bf4 b5 20. Nb2 bxc4 21. bxc4 Bxb2 22. Rxb2 Bxc4 23. Qa4 Nf6 24. exd5 cxd5 25. Qxa5 Ra8 26. Qd2 Ne4 27. Qc2 Nd6 28. a4 Ra6 29. Ra1 Rda8 30. Bf3 Nf5 31. Qd1 Qa7 32. Be3 Rxa4 33. Rxa4 Qxa4 34. Rb8+ Kh7 35. Qb1 Rxb8 36. Qxb8 Qa1+ 37. Kg2 Qf1# 0-1


[Site "https://www.chess.com"]

[Event "Titled Tuesday Blitz February 21 Early 2023"]
[White "Timofeev, Artyom"]
[Black "Aldokhin, Ivan"]
[WhiteFideId "4140419"]
[BlackFideId "24115720"]
[WhiteElo "2567"]
[BlackElo "2413"]
[Result "1-0"]
[Round "04"]
[TimeControl "180+2"]
[Date "2023.02.21"]
[WhiteClock "0:01:07"]
[BlackClock "0:00:03"]

1. e4 c5 2. Nf3 e6 3. d4 cxd4 4. Nxd4 a6 5. Bd3 Qc7 6. O-O Nf6 7. Qe2 d6 8. f4 Nbd7 9. Kh1 Be7 10. Nc3 b5 11. Bd2 Bb7 12. Rae1 b4 13. Nd1 Nc5 14. Nf2 Nxd3 15. cxd3 Qb6 16. Be3 Qa5 17. Qd2 h5 18. a3 Ng4 19. axb4 Qd8 20. Nh3 Qd7 21. Bg1 Rb8 22. Ng5 Bxg5 23. fxg5 h4 24. h3 Ne5 25. Bh2 O-O 26. Nf3 Ng6 27. Qf2 Ba8 28. Nxh4 Nxh4 29. Qxh4 Rxb4 30. g6 fxg6 31. Rxf8+ Kxf8 32. Qh8+ Ke7 33. Rf1 Qe8 34. Qxg7+ Kd8 35. Rf8 1-0


[Site "https://www.chess.com"]

[Event "Titled Tuesday Blitz February 21 Early 2023"]
[White "Skvortsov, Andrei"]
[Black "Bharath Subramaniyam H"]
[WhiteFideId "24108600"]
[BlackFideId "46634827"]
[WhiteElo "2313"]
[BlackElo "2517"]
[Result "0-1"]
[Round "04"]
[TimeControl "180+2"]
[Date "2023.02.21"]
[WhiteClock "0:00:02"]
[BlackClock "0:00:09"]

1. e4 c6 2. d4 d5 3. e5 Bf5 4. c4 e6 5. Nc3 Nd7 6. cxd5 cxd5 7. Bd3 Ne7 8. Nge2 Bxd3 9. Qxd3 Nc6 10. O-O Be7 11. a3 Qb6 12. b4 Rc8 13. Bb2 O-O 14. g3 Ncb8 15. Nf4 Bg5 16. Nfe2 Rc4 17. f4 Be7 18. Kg2 Rfc8 19. f5 Nc6 20. Rad1 Ncxe5 21. dxe5 Nxe5 22. Nxd5 Nxd3 23. Nxb6 axb6 24. Rxd3 Rc2 25. Rf2 Rxb2 26. fxe6 fxe6 27. Nf4 Rxf2+ 28. Kxf2 Kf7 29. h4 Rd8 30. Rc3 Rd7 31. Kf3 Bf6 32. Re3 Rd6 33. Ke2 e5 34. Nd3 Rd5 35. Nb2 b5 36. Nd1 Ke6 37. Nc3 Rd7 38. Nxb5 g5 39. hxg5 Bxg5 40. Rd3 Rf7 41. Nd6 Rc7 42. Ne4 Bc1 43. Rd6+ Ke7 44. Rd3 Rc2+ 45. Kf3 Ra2 46. Nc5 Rxa3 47. Rxa3 Bxa3 48. Nd3 Ke6 49. Ke4 b5 50. Nc5+ Kd6 51. Nd3 h6 52. g4 Ke6 53. Nc5+ Kf6 54. Nd3 Kg5 55. Kf3 e4+ 56. Kxe4 Kxg4 57. Ke3 Kg3 58. Ke2 h5 59. Ke3 h4 60. Nf4 Bc1+ 0-1


[Site "https://www.chess.com"]